 Dungeon Crawl Stone Soup version 0.27-a0-343-gfcad680f63 (webtiles) character file.

Game seed: 14412671867933499479

133 tilp the Sneak (level 5, -5/35 HPs)
             Began as an Octopode Transmuter on Feb 14, 2021.
             Was an Initiate of Gozag.
             Killed from afar by an orc wizard (6 damage)
             ... with a magic dart
             ... on level 3 of the Dungeon.
             The game lasted 00:03:38 (2881 turns).

tilp the Sneak (Octopode Transmuter)                Turns: 2881, Time: 00:03:38

Health: -5/35      AC:  1    Str:  9    XL:     5   Next: 16%
Magic:  8/8        EV: 13    Int: 16    God:    Gozag
Gold:   202        SH:  0    Dex: 13    Spells: 2/8 levels left

rFire    . . .     SeeInvis .     - Unarmed
rCold    . . .     Faith    .   (no shield)
rNeg     . . .     Spirit   .   (helmet restricted)
rPois    .         Reflect  .   d - amulet of magic regeneration
rElec    .         Harm     .   (no ring)
rCorr    .         Rampage  .   (no ring)
Will     .....                  (no ring)
Stlth    +++.......             (no ring)
HPRegen  0.11/turn              (no ring)
MPRegen  0.36/turn              (no ring)
                                (no ring)
                                (no ring)

@: wereblooded (expiring), gold aura
A: almost no armour, stealthy swim, amphibious, 8 rings, constrict 8, camouflage
1, gelatinous body 1
a: Renounce Religion, Potion Petition, Call Merchant, Bribe Branch


You were on level 3 of the Dungeon.
You worshipped Gozag.
Gozag was aware of your devotion.
You visited 1 branch of the dungeon, and saw 3 of its levels.

You collected 236 gold pieces.
You paid 34 gold pieces to Gozag.

Inventory:

Missiles
 c - 8 stones
 j - 10 poisoned darts (quivered)
Jewellery
 d - an amulet of magic regeneration (around mantle)
 f - a ring of fire {unknown}
Scrolls
 a - 2 scrolls of teleportation
 b - a scroll of immolation {unknown}
 g - a scroll of enchant armour {unknown}
 h - a scroll of identify {unknown}
Potions
 e - a potion of curing
 i - a potion of brilliance {unknown}
 k - a potion of attraction {unknown}


   Skills:
 + Level 2.7 Fighting
 - Level 2.0 Dodging
 - Level 4.0 Stealth
 + Level 4.0 Unarmed Combat
 - Level 2.0 Spellcasting
 - Level 2.0 Transmutations


You had 2 spell levels left.
You knew the following spells:

 Your Spells              Type           Power        Failure   Level
a - Beastly Appendage     Tmut           16%          9%          1
b - Wereblood             Tmut           8%           14%         2
c - Spider Form           Tmut/Pois      2%           38%         3

Your spell library contained the following spells:

 Spells                   Type           Power        Failure   Level
 Ice Form                 Ice/Tmut       4%           80%         4
 Blade Hands              Tmut           4%           94%         5


Dungeon Overview and Level Annotations

Branches:
Dungeon (3/15)

Altars:
Ashenzari
Dithmenos
Fedhas
Gozag
Kikubaaqudgha
Nemelex Xobeh
Okawaru
Qazlal
Sif Muna
Trog
Yredelemnul
Zin

Annotations:
D:2 1 runed translucent door, Crazy Yiuf


Innate Abilities, Weirdness & Mutations

You cannot wear most types of armour.
You are very stealthy in the water. (Stealth+)
You are amphibious.
You can wear up to eight rings at the same time.
You can use your tentacles to constrict eight enemies at once.
Your skin changes colour to match your surroundings (Stealth+).
Your rubbery body absorbs attacks. (AC +1, EV +1)


Message History

You barely miss the giant cockroach. Your grab misses the giant cockroach.
Your primal bloodlust is almost over.
You feel sick.
The orc is no longer distracted by gold.
The giant cockroach bites you.
* * * LOW HITPOINT WARNING * * *
The orc wizard casts a spell at itself.
The orc wizard flickers and vanishes!
Deactivating autopickup; reactivate with Ctrl-A.
You tentacle-slap the orc. Your grab misses the orc.
The orc is severely wounded.
The giant cockroach becomes distracted by the nearby gold, dreaming of imaginary riches.
Unknown command.
You closely miss the giant cockroach.
The giant cockroach is no longer distracted by gold.
You hear a shout!
You grab the giant cockroach.
You constrict the giant cockroach, but do no damage.
The giant cockroach bites you.
* * * LOW HITPOINT WARNING * * *
The orc hits you with a +0 flail!
* * * LOW HITPOINT WARNING * * *
The giant cockroach bites you.
* * * LOW HITPOINT WARNING * * *
It was a potion of curing.
You feel better.
You constrict the giant cockroach.
The orc wizard is no longer distracted by gold.
The giant cockroach bites you but does no damage.
Unknown command.
You tentacle-slap the orc.
You kill the orc!
You constrict the giant cockroach, but do no damage.
You hear a shout!
The orc becomes distracted by the nearby gold, dreaming of imaginary riches.
The orc wizard points at you and mumbles some strange words.
The puff of flame hits you!
* * * LOW HITPOINT WARNING * * *
A magic dart appears from out of thin air!
The magic dart hits you.
You die...
Your body crumbles into a pile of gold.

#...# #...#
#...# #...### $
#.....##
#......##
#......>#
##.......#
#...._oB@#
#.#..$.$##
#.....{..#
#.....$$.(.#
#........#....
#.....(........
.......o..######
..........#
.........o.


You could see an orc wizard, an orc (unaware) and a giant cockroach.

Vanquished Creatures
  Jessica (D:2)
  2 adders
  A worm (D:2)
  4 leopard geckos
  7 orcs
  3 giant cockroaches
  5 goblins (D:1)
  10 hobgoblins
  8 jackals
  A quokka (D:2)
  5 bats
  5 frilled lizards
  10 kobolds
  7 rats
69 creatures vanquished.

Notes
Turn   | Place    | Note
-------+----------+-------------------------------------------
     0 | D:1      | tilp the Octopode Transmuter began the quest for the Orb.
     0 | D:1      | Reached XP level 1. HP: 13/13 MP: 3/3
    19 | D:1      | Reached skill level 1 in Stealth
   211 | D:1      | Reached XP level 2. HP: 15/18 MP: 5/5
   217 | D:1      | Learned a level 2 spell: Wereblood
   794 | D:1      | Reached XP level 3. HP: 18/23 MP: 3/6
   806 | D:1      | Learned a level 3 spell: Spider Form
  1204 | D:2      | Noticed Jessica
  1215 | D:2      | Killed Jessica
  1216 | D:2      | Reached XP level 4. HP: 21/29 MP: 7/7
  1807 | D:2      | Found a basalt altar of Yredelemnul.
  1807 | D:2      | Found a stormy altar of Qazlal.
  1834 | D:2      | Found an iron altar of Okawaru.
  1834 | D:2      | Found a shimmering blue altar of Sif Muna.
  1834 | D:2      | Found a broken altar of Ashenzari.
  1834 | D:2      | Found a glowing silver altar of Zin.
  1834 | D:2      | Found an opulent altar of Gozag.
  1835 | D:2      | Found an ancient bone altar of Kikubaaqudgha.
  1837 | D:2      | Found a shadowy altar of Dithmenos.
  1838 | D:2      | Found a sparkling altar of Nemelex Xobeh.
  1839 | D:2      | Found a blossoming altar of Fedhas.
  1846 | D:2      | Became a worshipper of Gozag Ym Sagoz the Greedy
  1888 | D:2      | Found a runed translucent door.
  1889 | D:2      | Noticed Crazy Yiuf
  2839 | D:3      | Found a bloodstained altar of Trog.
  2864 | D:3      | Reached XP level 5. HP: 21/35 MP: 5/8
  2879 | D:3      | HP: 1/35 [giant cockroach (1)]
  2881 | D:3      | Killed from afar by an orc wizard

Illustrated notes

Levels and vault maps discovered:
D:1:      minmay_arrival_solitary_statue, layout_basic, hangedman_decor_growths,
          minmay_pentomino_r2
D:2:      layout_loops_ring, minitemple, uniq_crazy_yiuf_cottage, uniq_jessica
D:3:      layout_rooms, bloody_trog

Skill      XL: |  1  2  3  4  5 |
---------------+----------------+-----
Stealth        | 2 3 4 |  4.0
Fighting       | 2 |  2.7
Unarmed Combat | 4 |  4.0
Dodging        | |  2.0
Spellcasting   | |  2.0
Transmutations | |  2.0

Action                   |  1- 3 |  4- 6 || total
-------------------------+-------+-------++-------
Melee: Unarmed           |    77 |    83 ||   160
       Constrict         |    21 |    25 ||    46
       Tentacles         |     7 |     9 ||    16
       Kick              |     5 |    12 ||    17
       Punch             |       |     1 ||     1
Throw: Stone             |     3 |     2 ||     5
       Dart              |       |     1 ||     1
 Cast: Beastly Appendage |     6 |     7 ||    13
       Wereblood         |     2 |     3 ||     5
  Use: Scroll            |     1 |       ||     1
       Potion            |       |     1 ||     1
 Stab: Sleeping          |     8 |     5 ||    13
Armor: Skin              |    10 |     4 ||    14
Dodge: Dodged            |    39 |    37 ||    76

Table legend: (Time is in decaauts)
 A = Elapsed time spent in this place.
 B = Non-inter-level travel time spent in this place.
 C = Inter-level travel time spent in this place.
 D = Time resting spent in this place.
 E = Time spent auto-exploring this place.
 F = Levels seen in this place.
 G = Mean time per level.
                   A        B        C        D        E       F      G
               +--------+--------+--------+--------+--------+-----+--------+
         Total |   2872 |   2814 |     58 |    668 |   1701 |   3 |  957.3 |
       Dungeon |   2872 |   2814 |     58 |    668 |   1701 |   3 |  957.3 |
               +--------+--------+--------+--------+--------+-----+--------+

Top non-repeatable levels by time:
     D:2: 1702 daAuts
     D:1: 1112 daAuts
     D:3: 58 daAuts
